[Event "26th Womens ECCC 2022"]
[Site "Mayrhofen"]
[Date "2022.10.08"]
[Round "6.18"]
[White "Belenkaya, Dina"]
[Black "Wagner, Dinara"]
[Result "1/2-1/2"]
[ECO "B51"]
[WhiteElo "2263"]
[BlackElo "2390"]
[Annotator "TA"]
[PlyCount "108"]
[EventDate "2022.10.03"]
[EventType "team-tourn"]
[EventCountry "AUT"]
[SourceTitle "playchess.com"]
[Source "ChessBase"]
[SourceQuality "1"]
[TimeControl "40/5400+30:1800+30"]

1. e4 c5 2. Nf3 d6 3. Bb5+ Nd7 4. O-O a6 5. Bxd7+ Bxd7 6. d4 cxd4 7. Qxd4 Nf6 8. a4 {[%emt 0:02:28] B51: Sicilian: Moscow Variation (3 Bb5+) without 3...Bd7.} e5 9. Qd3 Rc8 {[%emt 0:00:07] [#]} 10. Bg5 $146 {[%emt 0:04:34] White is slightly better.} ({Predecessor:} 10. c4 Be7 11. Nc3 O-O 12. h3 h6 13. Be3 Be6 14. b3 Qc7 15. Ne1 Rfd8 16. Nc2 {1-0 (36) Petrova,I (2077)-Mohammad Fahad,R (2319) Chess.com INT 2020}) 10... Be6 11. Rd1 Bc4 (11... Be7 $11) 12. Qe3 $14 Ng4 13. Bxd8 (13. Qe1 $14 Qb6 14. b3) 13... Nxe3 $11 14. fxe3 {[%emt 0:00:08] Strongly threatening Ba5.} Rxd8 15. b3 Be6 16. c4 Be7 17. Nc3 Rc8 18. Nd5 Bd8 19. Nd2 Bxd5 20. exd5 f5 21. a5 {[%emt 0:03:34] Prevents Bb6.} b6 22. axb6 Bxb6 23. Rxa6 Bxe3+ 24. Kf1 Bc5 25. Nf3 h6 26. Ne1 Kd7 {[%emt 0:00:15] Threatening ...Ra8.} 27. Nd3 Bd4 28. Nb4 (28. Nf4 $5) 28... Ra8 29. Rxa8 Rxa8 $15 {[%emt 0:00:03][%mdl 4096] Endgame KRB-KRN} 30. Nc2 Bc3 {[%emt 0:02:32] Hoping for ...Ra2.} 31. Rd3 Bb2 32. Ke2 {[%emt 0:01:58] [#]} ({Better is} 32. Rf3 $15) 32... e4 $1 $17 33. Rd1 (33. Re3 $17 {only move.}) 33... Ra2 ({Black should try} 33... Be5 $19 {aiming for ...Ra2.} 34. b4 Ra2) 34. Kd2 (34. Nb4 $17 Ra3 35. Nc2 Rxb3 36. Rb1) 34... Be5 $19 35. g3 f4 36. gxf4 Bxf4+ 37. Kc3 Bxh2 38. Re1 (38. Rh1 $142 Be5+ 39. Kd2) 38... Be5+ 39. Kd2 e3+ (39... g5 $19 {has better winning chances.} 40. Rxe4 h5) 40. Kd3 $17 Rb2 41. b4 h5 42. c5 {[%emt 0:00:00] [#]} dxc5 (42... Rb3+ $1 $17 43. Ke2 (43. Ke4 h4 $17) 43... Kc7) 43. bxc5 $11 {[%emt 0:00:00] The position is equal.} Bg3 44. Rxe3 {[%emt 0:00:00] And now c6+ would win.} Rb3+ 45. Ke4 Rxe3+ 46. Nxe3 {[%emt 0:00:00] KB-KN} Bf2 47. c6+ Kc7 48. Nf5 g6 49. Ne7 g5 50. Ke5 {[%emt 0:00:00] Threatening mate with d6+.} Bg3+ 51. Kf5 h4 {[%emt 0:00:44] Threatens to win with ...h3.} 52. Kg4 Kd6 53. Nf5+ Kxd5 54. Nxg3 Kxc6 {[%emt 0:00:03] White happily takes the draw.  Weighted Error Value: White=0.12 (very precise) /Black=0.17 (very precise)} 1/2-1/2

[Event "26th Womens ECCC 2022"]
[Site "Mayrhofen"]
[Date "2022.10.08"]
[Round "6.19"]
[White "Heinemann, Josefine"]
[Black "Orian, Noga"]
[Result "1-0"]
[ECO "B51"]
[WhiteElo "2318"]
[BlackElo "1940"]
[Annotator "TA"]
[PlyCount "133"]
[EventDate "2022.10.03"]
[EventType "team-tourn"]
[EventCountry "AUT"]
[SourceTitle "playchess.com"]
[Source "ChessBase"]
[SourceQuality "1"]
[TimeControl "40/5400+30:1800+30"]

1. e4 c5 2. Nf3 d6 3. Bb5+ Nd7 4. a4 Ngf6 5. Nc3 a6 6. Be2 {[%emt 0:00:31] B51: Sicilian: Moscow Variation (3 Bb5+) without 3...Bd7.} b6 7. d4 e6 8. O-O {[%emt 0:06:29] [#] White is slightly better.} Bb7 $146 ({Predecessor:} 8... cxd4 9. Qxd4 Bb7 10. Rd1 Qc7 11. Be3 Be7 12. Nd2 Nc5 13. b4 Ncd7 14. Nc4 O-O {1-0 (36) Giri,A (2783)-Tsydypov,Z (2529) St Petersburg 2018}) 9. d5 $1 exd5 10. exd5 Be7 11. h3 O-O 12. Bf4 Re8 13. Bc4 Bf8 14. Re1 (14. Qd3 $14) 14... Rxe1+ $11 15. Qxe1 Qc7 (15... b5 $5 16. axb5 axb5 17. Rxa8 (17. Nxb5 Nb6 $11) 17... Bxa8 18. Nxb5 (18. Bxb5 Nxd5 19. Nxd5 Bxd5 $11) 18... Nb6 $11) 16. Bh2 Re8 17. Qf1 Qc8 18. Qd3 Qa8 19. Rd1 g6 20. b3 Kg7 21. Kf1 Kg8 22. g4 h6 23. Bg3 Qc8 24. Kg1 Kg7 25. Kh2 Ne5 (25... Kg8 $14) 26. Nxe5 $16 dxe5 27. f3 Bd6 28. Ne4 Nxe4 29. fxe4 g5 30. Rf1 f6 31. Rf5 Rf8 32. Kg2 Qa8 33. Be1 {[%emt 0:01:53][%cal Bg3e1,Be1d2,Bd2e3][%mdl 32] White is more active.} Bc8 34. Rf2 Qb7 35. Bd2 Rh8 36. Qf1 Rf8 37. Rf3 Qa7 38. Be3 a5 39. Kf2 Bd7 (39... h5 $14) 40. Bb5 Bxb5 41. Qxb5 Qc7 42. Ke2 Rb8 43. Kd3 Be7 44. Kc4 Qa7 45. Bd2 Rc8 46. Be1 Qc7 47. Qc6 ({Better is} 47. Rf5 $18) 47... Qxc6 $14 48. dxc6 Rxc6 {[%emt 0:00:04][%mdl 4096] Endgame KRB-KRB} 49. Rd3 Rc7 (49... Kf8 $14 {might be stronger.}) 50. Rd5 {[%emt 0:00:00][%mdl 1024] [#] Strongly threatening Kb5. White has strong compensation.} Rc8 $2 {[%emt 0:03:11] Black cannot hold the game after this.} (50... Rc6 $1 $14) 51. Kb5 $18 (51. Rd7 Kf7 $16) 51... Bd8 52. c4 (52. Ka6 $142) 52... h5 $2 (52... Kf7) 53. Ka6 {[%emt 0:00:00] aiming for Rd7+.} hxg4 (53... Be7 $142 54. gxh5 (54. Rd7 hxg4 55. hxg4 Kf7 $16) 54... Kf7 55. Kxb6 Rh8) 54. hxg4 {[%emt 0:00:00] [#] Threatens to win with Rd7+.} Be7 55. Rd7 Kf8 56. Kxb6 Rb8+ 57. Rb7 Rd8 58. Bxa5 Rd3 (58... f5 $142 59. exf5 Rd3) 59. Kc6 Rd4 60. Bc7 {[%emt 0:01:53] Hoping for a5.} Rxe4 61. a5 {[%emt 0:00:11][%cal Ba4a5,Ba5a6][%mdl 32] Intending a6 and mate.} Re1 62. a6 {[%emt 0:00:05] White wants to mate with Ba5.} Ra1 {[%emt 0:00:39] Against Ba5} 63. a7 Kf7 64. Bd8 Ra6+ 65. Kb5 {[%emt 0:00:23] White mates.} Ra3 66. Rxe7+ Kg6 67. Ba5 {[%emt 0:00:05] Weighted Error Value: White=0.17 (very precise) /Black=0.27 (precise)} 1-0

[Event "26th Womens ECCC 2022"]
[Site "Mayrhofen"]
[Date "2022.10.08"]
[Round "6.20"]
[White "Golovchanskaya, Alina"]
[Black "Trippold, Denise"]
[Result "0-1"]
[ECO "E15"]
[WhiteElo "1684"]
[BlackElo "2146"]
[Annotator "TA"]
[PlyCount "78"]
[EventDate "2022.10.03"]
[EventType "team-tourn"]
[EventCountry "AUT"]
[SourceTitle "playchess.com"]
[Source "ChessBase"]
[SourceQuality "1"]
[TimeControl "40/5400+30:1800+30"]

1. d4 Nf6 2. c4 e6 3. Nf3 b6 4. g3 Ba6 5. Nbd2 Bb4 6. Qc2 O-O 7. Bg2 c6 {[%emt 0:04:18] E15: Queen's Indian: 4 g3 sidelines, 4 g3 Ba6 and 4 g3 Bb7 early deviations.} 8. O-O d5 9. b3 {[%emt 0:03:55] 9.b3 scores better than 9.Rd1.} Nbd7 {[%emt 0:03:36] The position is equal.} 10. Bb2 Rc8 11. e4 c5 {[%emt 0:19:42] [#]} 12. Rfd1 $146 ({Predecessor:} 12. exd5 exd5 13. Rfd1 cxd4 14. Nxd4 b5 15. a3 Be7 16. Qf5 bxc4 17. bxc4 g6 18. Qg5 {1-0 (36) Ajay,K (2315)-Ostojic,N (2395) Arandjelovac 2021}) 12... cxd4 13. exd5 e5 14. a4 {[%emt 0:05:21] Inhibits b5.} Bd6 15. Ng5 $1 h6 16. Nge4 Ne8 (16... Bb4 $11) 17. Nxd6 $16 Nxd6 18. Ne4 (18. Rf1 $142) 18... Nxe4 19. Bxe4 Nc5 20. Bf5 Rc7 21. b4 (21. f4 $1 $16) 21... Nd7 $1 $14 22. b5 $36 {[%emt 0:00:21][%mdl 2048] White has good play.} Bb7 23. Ba3 (23. Qe2 $14) 23... Nc5 24. f4 $1 exf4 25. Rxd4 Re8 $2 (25... fxg3 $11 {and Black is okay.} 26. Rg4 (26. hxg3 g6 $14) (26. Bh7+ Kh8 $15) 26... Bc8) 26. Rxf4 $18 Rce7 27. Raf1 Re2 28. Bh7+ (28. Qb1 $18 Bxd5 29. cxd5 Qxd5 30. R4f2) 28... Kh8 $11 29. Qf5 (29. Qb1 $14 {keeps the upper hand.} Bxd5 30. cxd5 (30. Bxc5 $2 Rg2+ 31. Kh1 Ree2 $19) 30... Qxd5 31. R4f2 Rxf2 32. Rxf2) 29... Bc8 $17 {[%emt 0:01:12] Black has more active pieces.} 30. Qb1 Bh3 {[%emt 0:00:30] Strongly threatening ...Rg2+.} 31. Rxf7 $2 (31. Bxc5 $17 {was forced.} Bxf1 32. Bb4 (32. Rxf1 bxc5 33. Bd3 Rd2 $17)) 31... Bxf1 $19 32. Qg6 {[%emt 0:00:21] [#]} (32. Bb2 $142 Rxb2 33. Qxb2) 32... Ne6 $1 33. Kxf1 $11 Ra2 $1 {[%emt 0:00:47] aiming for ...Qc8. Dancing on a razor blade.} 34. Bb4 $1 {[%emt 0:00:53] Black must now prevent Bc3.} (34. Rxa7 Rxa3 35. dxe6 Qd1+ 36. Kg2 Ra2+ 37. Kh3 Qf1+ 38. Kg4 Qe2+ 39. Kh4 Qxh2+ 40. Kg4 h5+ 41. Qxh5 Qxh5+ 42. Kxh5 Kxh7 $19) 34... Ra1+ 35. Kg2 Ra2+ 36. Kf1 {[%emt 0:00:47] And now Bc3 would win.} Qc8 37. Qd3 {[%emt 0:00:31][%mdl 8192] [#]} ({Don't blunder} 37. dxe6 $2 Qxc4+ 38. Qd3 (38. Kg1 {is a self mate.} Qd4+ 39. Kh1 Qd1+) 38... Qxb4 $19) (37. c5 $11 Ra1+ 38. Kg2 (38. Be1 $2 Rxe1+ 39. Kxe1 Nf4+ 40. Qe4 Nxd5 $19) 38... Ra2+ 39. Kg1 Ra1+ 40. Kg2 Ra2+ 41. Kf1 Ra1+ 42. Kg2 (42. Be1 $2 Rxe1+ 43. Kxe1 Nf4+ 44. Qe4 Nxd5 $19)) 37... Nc5 $2 (37... Nd4 $1 $19 {[%mdl 512] ( -> ...Qh3+)} 38. Bf5 Nxf5 39. Rxf5 {[#]} Re3 $3 40. Qxe3 Qxf5+ 41. Kg1 Qc2) 38. Bxc5 $4 (38. Qf5 $11) 38... Qh3+ 39. Kg1 Qg2# {Weighted Error Value: White=0.58/Black=0.60} 0-1

[Event "26th Womens ECCC 2022"]
[Site "Mayrhofen"]
[Date "2022.10.08"]
[Round "6.21"]
[White "Eric, Jovana"]
[Black "Ptacnikova, Lenka"]
[Result "1-0"]
[ECO "B47"]
[WhiteElo "2252"]
[BlackElo "2055"]
[Annotator "TA"]
[PlyCount "59"]
[EventDate "2022.10.03"]
[EventType "team-tourn"]
[EventCountry "AUT"]
[SourceTitle "playchess.com"]
[Source "ChessBase"]
[SourceQuality "1"]
[TimeControl "40/5400+30:1800+30"]

1. e4 c5 2. Nf3 e6 3. d4 cxd4 4. Nxd4 Nc6 5. Nc3 Qc7 6. Be2 a6 7. O-O Nf6 8. Be3 Be7 9. f4 d6 10. Kh1 O-O 11. Qe1 Nxd4 12. Bxd4 b5 13. a3 Bb7 14. Qg3 Rad8 15. Bf3 {[%emt 0:03:07] B85: Sicilian Scheveningen: 6 Be2 a6, lines with early Be3.} Bc6 16. Rad1 Qb7 17. Rfe1 {[%emt 0:03:27][%cal Oc3d5] The position is equal.} Ne8 {[%emt 0:10:07] [#]} (17... Kh8 $11 {keeps the balance.}) 18. Nd5 $1 $16 {[%emt 0:04:50] [#] White is much more active.} g6 $146 (18... exd5 $2 19. exd5 Qc7 20. dxc6 $18) (18... Qd7 19. Nxe7+) ({Predecessor:} 18... Kh8 19. Nxe7 Qxe7 20. Bc3 Qc7 21. Qh4 f6 22. Rd3 Kg8 23. f5 e5 24. Bh5 d5 {1-0 (66) Andrijevic,M (2383)-Jovanovic,Z (2389) Belgrade 2004}) 19. Nxe7+ Qxe7 20. Bc3 f6 ({Black should play} 20... Qc7) 21. f5 g5 (21... Qf7 $16 22. Ba5 Rb8) 22. fxe6 $18 Qxe6 23. Ba5 Rb8 24. Bh5 $36 {[%emt 0:02:15][%mdl 2048] White is in control.} Qe5 (24... Bxe4 $16 {was necessary.} 25. Bf3 f5) 25. Qb3+ Kh8 26. Bc3 {[%emt 0:00:23] This bishop pair is nice.} Qe7 27. Qb4 a5 (27... Ba8 {is a better defense.} 28. a4 Qb7 29. axb5 axb5) 28. Qxa5 Ng7 29. Bf3 {[%emt 0:01:17][%cal Oe4e5] Black must now prevent e5!} Qe6 {[%emt 0:02:26] Against e5} 30. Qc7 {[%emt 0:04:46][%csl LRc6,LRd6] White took control after the opening.  Weighted Error Value: White=0.06 (flawless) /Black=0.36} 1-0

[Event "26th Womens ECCC 2022"]
[Site "Mayrhofen"]
[Date "2022.10.08"]
[Round "6.22"]
[White "Johannsdottir, Johanna Bjorg"]
[Black "Blagojevic, Tijana"]
[Result "0-1"]
[ECO "C50"]
[WhiteElo "1964"]
[BlackElo "2266"]
[Annotator "TA"]
[PlyCount "120"]
[EventDate "2022.10.03"]
[EventType "team-tourn"]
[EventCountry "AUT"]
[SourceTitle "playchess.com"]
[Source "ChessBase"]
[SourceQuality "1"]
[TimeControl "40/5400+30:1800+30"]

1. e4 e5 2. Nf3 Nc6 3. Bc4 Bc5 4. d3 Nf6 5. a4 a6 6. Nbd2 {[%emt 0:00:53] C50: Hungarian Defence and Giuoco Pianissimo.} O-O 7. O-O d6 8. h3 {[%emt 0:00:08] The position is equal.} Ne7 9. c3 Ng6 10. d4 Ba7 11. Re1 exd4 {[%emt 0:04:25] seems to push 11...c6 aside.} 12. cxd4 d5 {[%emt 0:00:33] [#]} 13. Bb3 $146 ({Predecessor:} 13. exd5 Nxd5 14. Ne4 c6 15. a5 h6 16. Qb3 Nh4 17. Nc5 Nxf3+ 18. Qxf3 Bxc5 19. dxc5 {½-½ (60) Alekseenko,K (2710)-Ponkratov,P (2659) Ufa 2021}) 13... dxe4 14. Nxe4 Nxe4 15. Rxe4 Bf5 16. Re2 Qd7 17. Be3 Rad8 18. Qe1 Bd3 19. Rd2 Be4 {[%emt 0:00:05] [#] And now ...Bxf3 would win.} 20. Ne5 Qf5 21. f3 Bd5 22. Bc2 Qf6 23. Nxg6 hxg6 24. Qg3 Rde8 25. Qf4 (25. Qg5 $15) 25... Re7 (25... Qe7 {with more complications.} 26. Re2 c6 27. b3 Qb4) 26. Qxf6 gxf6 27. Bf2 Rd8 28. b4 Red7 {[%emt 0:00:23] Black is more active.} 29. h4 Bb6 30. h5 Kg7 31. a5 Ba7 32. Re1 Bc4 (32... gxh5 $15 33. Bf5 Rd6) 33. hxg6 $11 fxg6 34. Re4 ({White should try} 34. g4 $1 $11) 34... Bf7 35. Rg4 c6 36. Rd1 Bb8 37. Re1 Bd6 38. d5 cxd5 39. Bb6 Rh8 40. Rd1 Re7 41. Kf2 {[%emt 0:31:32][%cal Oc2e4] Inhibits Re2+.} Rhe8 (41... g5 $17 42. Rgd4 Rhe8) 42. Bd3 $1 Rh8 (42... Rc8 $15 {feels stronger.}) 43. Rc1 (43. Bc2 $11) 43... Ree8 (43... g5 $15 44. Bc5 Bxc5+ 45. bxc5 Bg6) 44. Bf5 Re7 45. Bd3 Rh5 (45... g5 $17 {Threatens to win with ...Be6.} 46. Bc5 Bxc5+ 47. Rxc5 Be6) 46. Bb1 Be5 47. b5 axb5 48. Rb4 Be8 49. Bd3 Bd6 50. Rbb1 d4 {[%emt 0:00:00] ...Bf4 is the strong threat.} 51. Bd8 ({White should play} 51. Re1 $15) 51... Re6 {[%emt 0:00:00] Strongly threatening ...Bf4.} 52. Be4 $2 (52. Bc7 $17) 52... Bf4 $19 53. Rc2 $2 (53. Bxb7 {was worth a try.} Bxc1 54. Rxc1) 53... Be3+ 54. Ke2 Bc6 $2 (54... f5 $19 {is more deadly.} 55. g4 Rh6 56. gxf5 gxf5 57. Bxf5 Bg5+ 58. Bxe6 Rxe6+ 59. Kd3 Bxd8 60. Rg2+ Kf8 61. Kxd4 Bxa5) 55. a6 $2 (55. Kd3 $17) 55... Bxe4 56. Rc7+ Kh6 57. a7 $2 {[%emt 0:05:02] [#]} (57. fxe4 $19 bxa6 58. Kd3) 57... Bxb1 {[%emt 0:00:04] Black mates.} 58. f4 Bxf4+ 59. Kf3 Bxc7 60. a8=Q Re3+ {[%emt 0:00:22] Weighted Error Value: White=0.35/Black=0.26 (precise)} 0-1

[Event "26th Womens ECCC 2022"]
[Site "Mayrhofen"]
[Date "2022.10.08"]
[Round "6.23"]
[White "Gajcin, Marina"]
[Black "Thorsteinsdottir, Hallgerdur"]
[Result "1-0"]
[ECO "B11"]
[WhiteElo "2228"]
[BlackElo "1959"]
[Annotator "TA"]
[PlyCount "85"]
[EventDate "2022.10.03"]
[EventType "team-tourn"]
[EventCountry "AUT"]
[SourceTitle "playchess.com"]
[Source "ChessBase"]
[SourceQuality "1"]
[TimeControl "40/5400+30:1800+30"]

1. e4 c6 2. Nc3 d5 3. Nf3 Bg4 4. h3 Bxf3 5. Qxf3 e6 6. Be2 Nf6 {[%emt 0:01:17] B11: Caro-Kann: Two Knights Variation.} 7. O-O Be7 (7... d4 $5 ) 8. Rd1 d4 {[%emt 0:01:47] The position is equal.} 9. Nb1 Nbd7 10. d3 Qc7 {[%emt 0:08:35] [#]} 11. g3 $146 (11. c3 $14) ({Predecessor:} 11. Bf4 Bd6 12. Bxd6 Qxd6 13. Nd2 O-O 14. g3 b5 15. Qg2 e5 16. Rf1 Nb6 17. f4 {0-1 (29) Chwistek,K (2062)-Sanz Wawer,D (2266) Prague 2020}) 11... O-O 12. Qg2 c5 13. f4 b5 14. Nd2 a6 15. Kh1 Rfd8 16. Nf3 Nb6 17. g4 Rac8 18. g5 Ne8 (18... Nh5 $1 $11) 19. Rf1 $14 c4 20. Ne5 Nd7 21. Ng4 Bd6 22. e5 Bb4 23. Nf6+ Nexf6 $11 (23... gxf6 $2 24. gxf6+ Kf8 25. f5 (25. Rg1 Nexf6 26. exf6 Nxf6 $14) 25... Nexf6 26. fxe6 $18 (26. exf6 e5 $18)) 24. gxf6 g6 25. h4 {[%emt 0:02:42][%cal Bh3h4,Bh4h5][%mdl 32] next h5 is good for White.} Nb6 $2 (25... cxd3 $11 26. Bxd3 Nc5) 26. h5 $18 Kf8 (26... Kh8 {was necessary.}) 27. a3 Ba5 28. Qg5 (28. hxg6 $18 {and White stays clearly on top.} hxg6 29. dxc4) 28... Ke8 $16 29. Qh6 Kd7 30. Bf3 {[%emt 0:01:19] Active counter play!} (30. Qxh7 $18 Kc6 31. h6 (31. hxg6 $2 Rh8 $19)) 30... Nd5 (30... Rh8 $1 $14) 31. Bxd5 (31. Qxh7 $16 Kc6 32. Qh6 (32. hxg6 $2 Rh8 $19)) 31... exd5 $11 32. Qg5 (32. Qxh7 Kc6 33. e6 (33. hxg6 $2 Rh8 $19) 33... Rh8 34. Qxf7 Qxf7 35. exf7 Rxh5+ 36. Kg2 Rf8 $17) (32. e6+ $11 Kxe6 33. f5+ Kd7 34. Bf4 (34. hxg6 $2 hxg6 35. Qf4 Rh8+ 36. Kg1 Rcg8 $19)) 32... cxd3 (32... Kc6 $15) 33. cxd3 Qc2 (33... Qc6 $14) 34. Qg3 ({White should try} 34. Qg4+ Kc7 35. Qf3) 34... Qe2 (34... Kc6 $142) 35. Qh3+ $16 Ke8 $2 (35... Kc6 $11) 36. b4 {[%emt 0:03:19] aiming for hxg6.} Rc3 37. hxg6 (37. bxa5 Rxd3 38. Qg2 Qxh5+ 39. Kg1 Qh4 $11) 37... hxg6 38. e6 (38. bxa5 Rxd3 39. Qg2 Qh5+ 40. Kg1 Qh4 $11) 38... fxe6 {[%emt 0:01:45] [#]} 39. Be3 $2 $40 {[%emt 0:00:42][%mdl 128] White mounts an attack. The board is on fire.} (39. bxa5 $6 Rxd3 40. Qg2 Qe4 $11) ({White should play} 39. Ra2 $1 $16 Qh5 40. Qxh5 gxh5 41. bxa5) 39... Qxe3 $11 40. Rf3 ({But not} 40. Qh7 $2 Rc7 41. Qh6 {[#]} (41. Qxg6+ $2 Kd7 $19) 41... Qxd3 $1 $19) 40... Rc1+ $4 (40... Qe2 $1 $15 {stays ahead.} 41. bxa5 Kd7) 41. Rxc1 $18 {[%emt 0:30:22][%mdl 64] Remove Defender} Qxc1+ 42. Rf1 Qe3 (42... Qxa3 $2 {leads to mate.} 43. Qxe6+ Kf8 44. Qe7+ Kg8 45. Qg7#) (42... Qxf1+ $18 43. Qxf1 Bb6) 43. Qh7 {[%emt 0:00:00] Weighted Error Value: White=0.41/Black=0.68} 1-0

[Event "26th Womens ECCC 2022"]
[Site "Mayrhofen"]
[Date "2022.10.08"]
[Round "6.24"]
[White "Thorsteinsdottir, Gudlaug"]
[Black "Zarkovic, Mila"]
[Result "0-1"]
[ECO "E19"]
[WhiteElo "2014"]
[BlackElo "2219"]
[Annotator "TA"]
[PlyCount "85"]
[EventDate "2022.10.03"]
[EventType "team-tourn"]
[EventCountry "AUT"]
[SourceTitle "playchess.com"]
[Source "ChessBase"]
[SourceQuality "1"]
[TimeControl "40/5400+30:1800+30"]

1. d4 Nf6 2. Nf3 e6 3. g3 b6 4. Bg2 Bb7 5. O-O Be7 6. c4 O-O 7. Nc3 Ne4 8. Qc2 Nxc3 9. Qxc3 f5 10. Rd1 {[%emt 0:06:43] was the old line (10.b3).} Bf6 11. b4 {[%emt 0:05:52] E19: Queen's Indian: Old Main Line with 7...Ne4 8 Qc2 Nxc3 8 Qxc3.} d6 12. Bb2 Nd7 {[%emt 0:01:23] [#]} (12... Qe7 $11 {keeps the balance.}) 13. Qd2 (13. Ng5 $1 $16 ) 13... a5 $11 14. a3 {[%emt 0:00:16] [#]} Be4 $146 ({Predecessor:} 14... axb4 15. axb4 Qe7 16. b5 Rxa1 17. Rxa1 Ra8 18. Rxa8+ Bxa8 {1-0 (39) Vallin,G (2415)-Sohier,J (2252) France 2009}) 15. Ne1 Bxg2 16. Nxg2 Qe7 17. Bc3 axb4 18. axb4 Bg5 19. Qc2 Qf7 20. Rxa8 Rxa8 21. Ra1 Rxa1+ 22. Bxa1 f4 23. gxf4 Bxf4 24. Qe4 Bd2 25. b5 h6 26. e3 Nf6 $40 {[%emt 0:02:43][%mdl 128] Black attacks.} 27. Qc2 Bb4 28. Nf4 {[%emt 0:02:30] Inhibits Qh5.} d5 29. Nd3 $2 (29. c5 $11) 29... Bd6 {[%emt 0:00:23] aiming for ...Qg6+.} 30. c5 $2 (30. Ne5 $17 {was worth a try.} Qh5 31. f3) 30... Qg6+ $19 31. Kf1 Bxh2 32. cxb6 cxb6 33. Ke2 Ne4 {[%emt 0:00:12] Strongly threatening ...Bd6.} 34. Qc6 (34. Bc3 $142 Qg4+ 35. Ke1) 34... Qg4+ 35. Ke1 Qg1+ $2 (35... Bd6 {[%cal Od6b4] ( -> ...Bb4+!)} 36. Kf1 Qd1+ 37. Kg2 Kh7) 36. Ke2 Qg4+ ({But not} 36... Qxa1 $2 37. Qxe6+ Kf8 38. Qxb6 $19) (36... Qg6 37. Kd1 Kh7) 37. Ke1 Bg1 38. Qe8+ Kh7 39. Qf7 Bh2 {[%emt 0:02:37] ...Bd6 is the strong threat.} 40. Bb2 Qg1+ 41. Ke2 Qb1 42. Qh5 Qc2+ 43. Kf3 {Weighted Error Value: White=0.93/Black=0.85} 0-1

[Event "26th Womens ECCC 2022"]
[Site "Mayrhofen"]
[Date "2022.10.08"]
[Round "6.25"]
[White "Mayrhuber, Nikola"]
[Black "Katkov, Michelle"]
[Result "0-1"]
[ECO "E46"]
[WhiteElo "2117"]
[BlackElo "2219"]
[Annotator "TA"]
[PlyCount "110"]
[EventDate "2022.10.03"]
[EventType "team-tourn"]
[EventCountry "AUT"]
[SourceTitle "playchess.com"]
[Source "ChessBase"]
[SourceQuality "1"]
[TimeControl "40/5400+30:1800+30"]

1. d4 Nf6 2. c4 e6 3. Nc3 Bb4 4. e3 O-O 5. Bd2 d5 6. Nf3 b6 7. cxd5 exd5 8. Rc1 {[%emt 0:00:07] E51: Nimzo-Indian: Rubinstein: 4...0-0 5 Nf3 d5.} Bb7 9. Bd3 Re8 10. Ne5 {[%emt 0:04:30] The position is equal.} Bf8 11. O-O c5 12. f4 Nc6 {[%emt 0:00:59] [#]} 13. Qf3 $146 ({Predecessor:} 13. Ne2 Rc8 14. Be1 Ne4 15. Bxe4 dxe4 16. Nxf7 Qd5 17. Ne5 Nxe5 18. dxe5 Qxa2 19. Bc3 {1-0 (45) Maghsoodloo,P (2701)-Firouzja,A (2804) Warsaw 2021}) 13... cxd4 {[%emt 0:09:25] White must now prevent ...Rxe5.} 14. Nxc6 Bxc6 15. exd4 Rc8 16. f5 Ne4 17. Bf4 Qf6 18. Be5 Rxe5 19. dxe5 Qxe5 20. Bxe4 dxe4 21. Qf4 ({Better is} 21. Qg3 $15 Bc5+ 22. Kh1 Qxg3 23. hxg3) 21... Bc5+ $17 22. Kh1 Qxf4 {[%emt 0:00:10][%mdl 64] Remove Defender} 23. Rxf4 Be3 {[%emt 0:00:21][%csl LRc1,LRf4] This bishop pair is nice.} 24. Rff1 Bxc1 25. Rxc1 {[%emt 0:00:03][%cal Oc3e4][%mdl 4096] Endgame KRB-KRN} Bd7 26. g4 g6 27. fxg6 hxg6 28. g5 Rc5 29. h4 Kf8 30. Kg2 Bc6 31. Re1 (31. Rd1 $142) 31... Rf5 $1 32. Re3 (32. Rf1 $142) 32... Ke7 $19 33. Kg3 {[%emt 0:00:43] [#]} Rf3+ $1 34. Rxf3 exf3 {[%emt 0:00:03] KB-KN} 35. Nb1 Bd5 $2 (35... Kd6 $19 {Hoping for ...a5.} 36. Nd2 Bd5) 36. Nc3 $17 Bc6 (36... Bb7 $17 37. Nb5 a5) 37. Nb1 $1 $19 Kd6 {[%emt 0:00:14] Strongly threatening ...a5.} 38. Nd2 Bd5 {[%emt 0:00:05] ...Kc5 is the strong threat.} 39. a3 (39. b3 {was worth a try.}) 39... Kc5 40. Nxf3 $2 (40. Kf4) 40... Kc4 41. Ne5+ Kb3 42. Nd3 Bc4 43. Ne5 b5 44. h5 gxh5 45. Kh4 Kxb2 46. a4 a6 47. axb5 axb5 48. Kxh5 Kc3 49. Nd7 Bd3 50. Kh6 b4 51. Nc5 b3 52. Nxb3 Kxb3 {[%emt 0:00:05] Black mates.} 53. Kg7 {[%emt 0:00:38] [#]} Bg6 $1 54. Kf6 Kc4 55. Ke5 Kc5 {[%emt 0:00:09] Weighted Error Value: White=0.63/Black=0.12 (very precise)} 0-1